 Seeded DCSS version 0.29.1-15-g9cfb28693d (webtiles) character file.

Game seed: 7619601774367762518 (custom seed)

26 Mickster the Grave Robber (level 2, -3/19 HPs)
             Began as a Vampire Necromancer on Mar 23, 2023.
             Slain by a gnoll
             ... wielding a +0 club
              (4 damage)
             ... on level 2 of the Dungeon.
             The game lasted 00:10:15 (613 turns).

Mickster the Grave Robber (Vampire Necromancer)      Turns: 613, Time: 00:10:18

Health: -3/19      AC:  2    Str:  7    XL:     2   Next: 89%
Magic:  0/5        EV: 12    Int: 17    God:
Gold:   38         SH:  0    Dex: 14    Spells: 5/6 levels left

rFire   . . .      SeeInvis +   f - +0 mace
rCold   . . .      Faith    .   (no shield)
rNeg    . . .      Spirit   .   a - +0 robe
rPois   .          Reflect  .   (no helmet)
rElec   .          Harm     .   (no cloak)
rCorr   .          Rampage  .   (no gloves)
Will    .....                   (no boots)
Stlth   ++........              (no amulet)
HPRegen 0.26/turn               (no ring)
MPRegen 0.09/turn               (no ring)

@: healing quickly
A: alive, fangs 3, see invisible, vampiric 1
a: Exsanguinate


You were on level 2 of the Dungeon.
You visited 1 branch of the dungeon, and saw 2 of its levels.

You collected 38 gold pieces.

Inventory:

Hand Weapons
 c - a +2 vorpal sling
 f - a +0 mace (weapon)
Missiles
 g - 2 boomerangs (quivered)
Armour
 a - a +0 robe (worn)
 e - a +0 tower shield
Scrolls
 h - a scroll of noise {unknown}
Potions
 b - 2 potions of magic
 d - a potion of attraction {unknown}


   Skills:
 + Level 2.3 Dodging
 + Level 3.1 Stealth
 * Level 2.5 Spellcasting
 * Level 4.9 Necromancy


You had 5 spell levels left.
You knew the following spells:

 Your Spells              Type           Power      Damage    Failure   Level
a - Necrotise             Necr           76%        1d7       2%          1

Your spell library contained the following spells:

 Spells                   Type           Power      Damage    Failure   Level
 Vampiric Draining        Necr           19%        2d7       7%          3
 Animate Dead             Necr           19%        N/A       24%         4
 Gell's Gravitas          Tloc           2%         N/A       50%         3
 Inner Flame              Hex/Fire       2%         N/A       50%         3
 Teleport Other           Tloc           2%         N/A       50%         3
 Agony                    Necr           19%        N/A       54%         5
 Cause Fear               Hex            1%         N/A       88%         4
 Dispersal                Tloc           1%         N/A       100%        6
 Discord                  Hex            1%         N/A       100%        8


Dungeon Overview and Level Annotations

Branches:
Dungeon (2/15)

Altars:
Yredelemnul


Innate Abilities, Weirdness & Mutations

Your natural rate of healing is accelerated.
You have razor-sharp teeth.
You have supernaturally acute eyesight. (SInv)
You are afflicted with vampirism.


Message History

Confirm with . or Enter, or press ? or * to list all spells.
Aiming: Necrotise (safe; 2% risk of failure)
Press: ? - help, Shift-Dir - straight line, f - quokka
Aim: a quokka (chance to affect: 89%)
The quokka writhes in agony.
You kill the quokka!
The dead are hopping!
The gnoll barely misses you.
Casting: Necrotise (safe; 2% risk of failure)
Confirm with . or Enter, or press ? or * to list all spells.
Aiming: Necrotise (safe; 2% risk of failure)
Press: ? - help, Shift-Dir - straight line, f - gnoll
Aim: a gnoll, wielding a +0 spear (ally target, chance to affect: 84%)
The gnoll barely resists.
The gnoll hits you from afar with a +0 spear!
* * * LOW HITPOINT WARNING * * *
Your quokka skeleton bites the gnoll.
Casting: Necrotise (safe; 2% risk of failure)
Confirm with . or Enter, or press ? or * to list all spells.
Aiming: Necrotise (safe; 2% risk of failure)
Press: ? - help, Shift-Dir - straight line, f/p - gnoll
Aim: a gnoll, wielding a +0 spear (lightly wounded, ally target, chance to affect: 84%)
The gnoll writhes in agony.
The gnoll misses you.
Your quokka skeleton bites the gnoll.
Casting: Necrotise (safe; 2% risk of failure)
Confirm with . or Enter, or press ? or * to list all spells.
Aiming: Necrotise (safe; 2% risk of failure)
Press: ? - help, Shift-Dir - straight line, f/p - gnoll
Aim: a gnoll, wielding a +0 spear (heavily wounded, ally target, chance to affect: 84%)
The gnoll writhes in agony!
The gnoll closely misses you. The gnoll hits you with a +0 club.
* * * LOW HITPOINT WARNING * * *
Your quokka skeleton bites the gnoll.
Casting: Necrotise (safe; 2% risk of failure)
Confirm with . or Enter, or press ? or * to list all spells.
Aiming: Necrotise (safe; 2% risk of failure)
Press: ? - help, Shift-Dir - straight line, f/p - gnoll
Aim: a gnoll, wielding a +0 spear (severely wounded, ally target, chance to affect: 84%)
The gnoll writhes in agony.
The gnoll closely misses you. The gnoll hits you with a +0 club.
You die...

####...#####.##......
#.........#.........#
#.........#..##.#...#
#......<............#
####...####.##......#
#...# #.#...#.###
#######...# #.......#
........### ###...###
#######@# #...#
###.###g# #...#
#.....Sg# #...#
#.....Zg..#
.........#.....
.......#...g....
.#.>...#.#.<....
#.#.....#.#####
#........ #


You could see 3 gnolls, an adder and a friendly quokka skeleton.

Vanquished Creatures
  2 dart slugs
  A bat (D:1)
  3 endoplasms (D:1)
  A goblin (D:2)
  2 quokkas
  3 ball pythons
  2 frilled lizards (D:1)
  A kobold (D:1)
15 creatures vanquished.

Vanquished Creatures (collateral kills)
  2 ball pythons (D:1)
  A giant cockroach (D:1)
  A hobgoblin (D:1)
  A rat (D:1)
5 creatures vanquished.

Grand Total: 20 creatures vanquished

Notes
Turn   | Place    | Note
-------+----------+-------------------------------------------
     0 | D:1      | Mickster the Vampire Necromancer began the quest for the
                  | Orb.
     0 | D:1      | Reached XP level 1. HP: 13/13 MP: 3/3
    76 | D:1      | Reached XP level 2. HP: 8/19 MP: 0/5
   479 | D:2      | Found a basalt altar of Yredelemnul.
   613 | D:2      | Slain by a gnoll

Illustrated notes

Levels and vault maps discovered:
D:1:      psy_arrival_dodecagon, layout_rooms, nicolae_figureground_sparkle
D:2:      minmay_chambers_of_ones, layout_loops_cross, basic_altar,
          uniq_crazy_yiuf_cottage

Action                   || total
-------------------------++-------
Melee: Mace              ||    14
       Unarmed           ||     2
       Bite              ||     3
 Cast: Necrotise         ||    25
 Abil: Exsanguinate      ||     1
  Use: Scroll            ||     2
       Potion            ||     1
 Stab: Distracted        ||     1
Armor: Robe              ||     4
Dodge: Dodged            ||    25
